 Dungeon Crawl Stone Soup version 0.28-a0-1613-gdaab1c2f9b (webtiles) character file.

Game seed: 3444609677714304297

80 Lekart the Skirmisher (level 4, -1/41 HPs)
             Began as a Draconian Chaos Knight on Jan 21, 2022.
             Was a Plaything of Xom.
             Slain by a shadow imp (5 damage)
             ... summoned by Xom
             ... on level 2 of the Dungeon.
             The game lasted 00:02:08 (1745 turns).

Lekart the Skirmisher (Draconian Chaos Knight)      Turns: 1745, Time: 00:02:09

Health: -1/41      AC:  5    Str: 14      XL:     4   Next: 18%
Magic:  4/4        EV: 12    Int: 12      God:    Xom [......]
Gold:   40         SH:  0    Dex: 12 (13) Spells: 3/3 levels left

rFire   . . .      SeeInvis .   a - +0 hand axe (chaos)
rCold   . . .      Faith    .   (no shield)
rNeg    . . .      Spirit   .   (armour unavailable)
rPois   .          Reflect  .   (helmet restricted)
rElec   .          Harm     .   (no cloak)
rCorr   .          Rampage  .   (no gloves)
Will    .....      Clarity  +   (no boots)
Stlth   +.........              (no amulet)
HPRegen 0.13/turn               (no ring)
MPRegen 0.09/turn               (no ring)

@: no status effects
A: AC +5, unfitting armour, cold-blooded, clarity, screaming 1
a: Renounce Religion


You were on level 2 of the Dungeon.
You worshipped Xom.
You were a very special plaything of Xom.
You visited 1 branch of the dungeon, and saw 2 of its levels.

You collected 40 gold pieces.

Inventory:

Hand Weapons
 a - a +0 hand axe of chaos (weapon)
Missiles
 b - 6 atropa-tipped darts (quivered)
Jewellery
 c - a ring of resist corrosion


   Skills:
 + Level 4.4 Fighting
 + Level 3.9 Axes
 + Level 2.5 Dodging


You had 3 spell levels left.
You didn't know any spells.
Your spell library was empty.

Dungeon Overview and Level Annotations

Branches:
Dungeon (2/15)

Altars:

Shops:
D:1 *


Innate Abilities, Weirdness & Mutations

Your plain brown scales are hard. (AC +5)
You cannot fit into any form of body armour.
You are cold-blooded and may be slowed by cold attacks.
You possess an exceptional clarity of mind.
You occasionally shout uncontrollably at your foes.


Message History

You hit the ufetubus. You burn the ufetubus. You miss the quasit.
The ufetubus barely misses you. The ufetubus misses you. The quasit bites you.
The quasit claws you but does no damage. x2
The shadow imp gestures at you. Pain shoots through your body!
* * * LOW HITPOINT WARNING * * *
The ufetubus hits you but does no damage. x2
The quasit closely misses you. The quasit barely misses you.
The quasit closely misses you.
You are too injured to fight recklessly!
You aren't carrying any scrolls.
Unknown command.
The shadow imp hits you.
* * * LOW HITPOINT WARNING * * *
The ufetubus completely misses you.
The ufetubus hits you but does no damage.
The shadow imp shouts, "Go and return not, thou puking shard-borne bootlicker!"
Unknown command.
Found a murky ruby potion.
The ufetubus hits you.
* * * LOW HITPOINT WARNING * * *
The ufetubus misses you. The ufetubus closely misses you.
The ufetubus misses you.
The quasit bites you but does no damage.
The quasit misses you.
The quasit claws you but does no damage.
The ufetubus barely misses you.
The ufetubus hits you but does no damage.
The ufetubus hits you.
* * * LOW HITPOINT WARNING * * *
The ufetubus hits you but does no damage.
There is a stone staircase leading up here.
The ufetubus hits you.
* * * LOW HITPOINT WARNING * * *
The ufetubus hits you.
* * * LOW HITPOINT WARNING * * *
The quasit bites you but does no damage.
The quasit claws you but does no damage.
The quasit closely misses you. The shadow imp hits you.
You die... "This toy is broken."

####.<.# ## #...# ..#.
P# ##..## #..#. P#
#....# #..#.# P#
##.#..##..#.# .. P#
#..>.....#.####. ##
##............##.
#.............##.#####
#..........5@.##.....#
#..........55..#.....#
#..............#.....#
#.............?......#
#.............<#.....#
#..............#.....#
#.........#....#######
#..)......#....#
#.........#....#


You could see a quasit (summoned), a shadow imp (summoned) and an ufetubus
(summoned).

Vanquished Creatures
  2 adders (D:2)
  A worm (D:2)
  4 dart slugs
  5 endoplasms
  7 goblins
  3 hobgoblins
  5 jackals (D:2)
  3 quokkas
  6 ball pythons
  A bat (D:1)
  3 frilled lizards
  4 kobolds (D:1)
  2 rats
46 creatures vanquished.

Vanquished Creatures (others)
  3 plants (D:2)
  5 withered plants (D:2)
8 creatures vanquished.

Grand Total: 54 creatures vanquished

Notes
Turn   | Place    | Note
-------+----------+-------------------------------------------
     0 | D:1      | Lekart the Draconian Chaos Knight began the quest for the
                  | Orb.
     0 | D:1      | Reached XP level 1. HP: 19/19 MP: 1/1
   196 | D:1      | XOM: silly message
   275 | D:1      | Reached XP level 2. HP: 21/26 MP: 2/2
   545 | D:1      | XOM: silly message
   627 | D:1      | XOM: divination: magic mapping
   658 | D:1      | Found Zexokloq's Assorted Antiques.
   853 | D:1      | Reached XP level 3. HP: 33/33 MP: 3/3
   892 | D:1      | XOM: noise
   971 | D:1      | XOM: stat loss: -1 Int (11/12)
  1149 | D:2      | Reached skill level 4 in Fighting
  1249 | D:2      | XOM: give mutations
  1249 | D:2      | Gained mutation: You occasionally shout uncontrollably at
                  | your foes. [Xom's mischief]
  1249 | D:2      | Gained mutation: You possess an exceptional clarity of
                  | mind. [Xom's mischief]
  1272 | D:2      | XOM: noise
  1426 | D:2      | Found a faded altar of an unknown god.
  1448 | D:2      | Reached XP level 4. HP: 40/41 MP: 4/4
  1600 | D:2      | XOM: silly message
  1683 | D:2      | XOM: 5-stop teleportation journey
  1730 | D:2      | XOM: summons 3 hostile demons
  1745 | D:2      | Slain by a shadow imp

Illustrated notes

Levels and vault maps discovered:
D:1:      evilmike_arrival_fibonacci_small, layout_loops_corners, serial_shops,
          nicolae_diamond_shop
D:2:      layout_rooms, shapermc_ecumenical_altar_flowoftime

Skill      XL: |  1  2  3 |
---------------+----------+-----
Fighting       | 4 |  4.4
Axes           | |  3.9
Dodging        | |  2.5

Action                   |  1- 3 |  4- 6 || total
-------------------------+-------+-------++-------
Melee: Hand axe          |    92 |    34 ||   126
       Tailslap          |     5 |     4 ||     9
       Punch             |     2 |       ||     2
Throw: Dart              |     3 |       ||     3
  Use: Scroll            |     1 |       ||     1
 Stab: Paralysed         |     1 |     1 ||     2
Armor: Skin              |    18 |    16 ||    34
Dodge: Dodged            |    62 |    46 ||   108

Table legend: (Time is in decaauts)
 A = Elapsed time spent in this place.
 B = Non-inter-level travel time spent in this place.
 C = Inter-level travel time spent in this place.
 D = Time resting spent in this place.
 E = Time spent auto-exploring this place.
 F = Levels seen in this place.
 G = Mean time per level.
                   A        B        C        D        E       F      G
               +--------+--------+--------+--------+--------+-----+--------+
         Total |   1764 |   1737 |     27 |      0 |   1424 |   2 |  882.0 |
       Dungeon |   1764 |   1737 |     27 |      0 |   1424 |   2 |  882.0 |
               +--------+--------+--------+--------+--------+-----+--------+

Top non-repeatable levels by time:
     D:1: 1140 daAuts
     D:2: 624 daAuts
